 Dungeon Crawl Stone Soup version 0.31.0-1-g2c135a008e (webtiles) character file.

Game seed: 7429022580621395357

768 qw the Shooter (level 8, -4/58 HPs)
             Began as a Djinni Hunter on Jan 23, 2024.
             Killed from afar by Blork the orc (13 damage)
             ... with a puff of frost
             ... on level 4 of the Dungeon.
             The game lasted 00:00:16 (3423 turns).

qw the Shooter (Djinni Hunter)                      Turns: 3423, Time: 00:00:16

Health: -4/58      AC:  5    Str: 10    XL:     8   Next: 9%
Gold:   192        EV: 12    Int: 11    God:
                   SH:  0    Dex: 19

rFire   + + .        k - +0 orcbow
rCold   x . .        (shield currently unavailable)
rNeg    . . .        b - +0 ring mail
rPois   inf          (no helmet)
rElec   .            (no cloak)
rCorr   .            (no gloves)
SInv    .            (boots unavailable)
Will    .....        g - amulet of faith
Stlth   +            (no ring)
HPRegen 0.29/turn    (no ring)
MPRegen 0.00/turn

%: faith, infuse magic (-5 HP)
@: flying
A: sickness immunity, fire resistance 2, cold vulnerability 1, float, innate
caster, HP casting, extra vitality 1
a: no special abilities


You were on level 4 of the Dungeon.
You visited 1 branch of the dungeon, and saw 7 of its levels.

You collected 192 gold pieces.


Innate Abilities, Weirdness & Mutations

You are immune to sickness and miasma.
You are immune to poison.
Your flesh is very heat resistant. (rF++)
You are vulnerable to cold. (rC-)
You float through the air rather than walking.
You learn spells naturally, not from books.
Your magical power is your life essence.
You have superior vitality. (+4 MHP)


   Skills:
 - Level 4.0 Fighting
 + Level 6.6 Ranged Weapons
 - Level 1.0 Armour
 - Level 4.0 Dodging
 - Level 0.7 Stealth


You knew the following spells:

 Your Spells              Type           Power      Damage    Failure   Level
a - Sting                 Conj/Alch      0%         1d3       65%         1
b - Static Discharge      Conj/Air       0%         3-3/arc   80%         2
c - Call Imp              Summ           0%         N/A       80%         2
Your spell library was empty.

Inventory:

Hand Weapons
 k - a +0 orcbow (weapon)
Armour
 b - a +0 ring mail (worn)
Jewellery
 g - an amulet of faith (around neck)
Wands
 c - a wand of mindburst (9)
 h - a wand of flame (3)
Scrolls
 a - a scroll of summoning {unknown}
Potions
 d - 2 potions of curing
 i - a potion of resistance

Dungeon Overview and Level Annotations

Branches:
Dungeon (7/15)
 Temple: D:4-7

Altars:
Dithmenos
Gozag
Makhleb
Uskayaw
Wu Jian
The Shining One

Annotations:
D:4 Blork the orc


Message History

Duvessa hits you with a +0 short sword. Duvessa closely misses you.
3417 ||| ZAPPING wand of mindburst (13) at 1,-1 (Duvessa; floor).
Aiming: Mindburst
Press: ? - help, Q - select action, (/) - cycle Shift-Dir - straight line, f/p - Duvessa Duvessa resists with some effort.
The adder bites you. Duvessa closely misses you.
3418 ||| ZAPPING wand of mindburst (12) at 1,-1 (Duvessa; floor).
Aiming: Mindburst
Press: ? - help, Q - select action, (/) - cycle Shift-Dir - straight line, f/p - Duvessa Duvessa resists with some effort.
The adder barely misses you. Duvessa barely misses you.
The adder bites you but does no damage. Duvessa hits you with a +0 short sword!
3419 ||| ZAPPING wand of mindburst (11) at 1,-1 (Duvessa; floor).
Aiming: Mindburst
Press: ? - help, Q - select action, (/) - cycle Shift-Dir - straight line, f/p - Duvessa Duvessa's mind is blasted!
Duvessa hits you with a +0 short sword! The adder misses you.
3420 ||| ZAPPING wand of mindburst (10) at 1,-1 (Duvessa; floor).
Aiming: Mindburst
Press: ? - help, Q - select action, (/) - cycle Shift-Dir - straight line, f/p - Duvessa Duvessa's mind is blasted!
You blow up Duvessa!
The adder bites you but does no damage. Blork the orc casts a spell at you.
The puff of frost hits you but does no damage.
You have reached level 8!
You feel clever.
You shoot an arrow.
The arrow hits Blork the orc but does no damage.
The adder barely misses you. The adder bites you but does no damage.
Blork the orc hits you with a +2 scimitar of protection!
You shoot an arrow. The arrow hits Blork the orc!
Blork the orc is moderately wounded.
The adder bites you.
Blork the orc hits you with a +2 scimitar of protection!
The adder bites you but does no damage.
You shoot an arrow. The arrow hits Blork the orc!
Blork the orc is severely wounded.
Blork the orc casts a spell at you. The puff of frost hits you!
You feel a terrible chill!
You die...

. ...... ##. ......
... ## #.....#
#.##.##.....# ..
#.......... ..
##........# ..
#....oS).### ....
#..@....# ......
##......# .......
#......## ........
#.......###........
#.............#####
##...##........##..
#...##............
##.##.............
####....#......#.


You could see Blork the orc and an adder.

Vanquished Creatures
  Duvessa (D:4)
  A sky beast (D:7)
  An ogre (D:7)
  A centaur (D:7)
  Dowan (D:4)
  A howler monkey (D:3)
  A hound (D:6)
  An orc priest (D:6)
  A sleepcap (D:7)
  2 iguanas
  An orc wizard (D:6)
  5 adders
  6 dart slugs
  3 ribbon worms
  5 orcs (D:6)
  5 ball pythons
  11 endoplasms
  4 giant cockroaches
  9 goblins
  8 hobgoblins
  10 jackals
  3 quokkas
  6 bats
  4 frilled lizards
  6 kobolds
  5 rats
102 creatures vanquished.

Notes
Turn   | Place    | Note
-------+----------+-------------------------------------------
     0 | D:1      | qw the Djinni Hunter began the quest for the Orb.
     0 | D:1      | Reached XP level 1. HP: 18/18 MP: 0/0
     0 | D:1      | 0 ||| qw: Version: 0.3-a-135-gb77e89d
     0 | D:1      | 0 ||| qw: Game counter: 814
     0 | D:1      | 0 ||| qw: Melee chars always use a shield: true
     0 | D:1      | 0 ||| qw: God list: Okawaru
     0 | D:1      | 0 ||| qw: Allow faded altars: false
     0 | D:1      | 0 ||| qw: Do Orc after clearing Dungeon:15 true
     0 | D:1      | 0 ||| qw: Do second Lair branch before Depths: true
     0 | D:1      | 0 ||| qw: Lair rune preference: random
     0 | D:1      | 0 ||| qw: Goals: Normal
     0 | D:1      | 0 ||| PLANNING D:1-11
    23 | D:1      | Reached XP level 2. HP: 23/23 MP: 0/0
   175 | D:1      | Reached XP level 3. HP: 22/28 MP: 0/0
   175 | D:1      | Learned a level 1 spell: Sting
   177 | D:1      | Reached skill level 4 in Ranged Weapons
   514 | D:1      | Reached XP level 4. HP: 30/34 MP: 0/0
   644 | D:1      | Reached skill level 3 in Fighting
   656 | D:1      | 656 ||| UPGRADING to amulet of faith.
   661 | D:1      | 661 ||| READING 3 scrolls labelled ORATYO KETIF ZEGO.
   661 | D:1      | 661 ||| IDENTIFYING emerald potion
   662 | D:1      | 662 ||| READING 2 scrolls of identify.
   662 | D:1      | 662 ||| IDENTIFYING bubbling yellow potion
   663 | D:1      | 663 ||| READING scroll of identify.
   663 | D:1      | 663 ||| IDENTIFYING 2 cyan potions
   664 | D:1      | 664 ||| READING scroll labelled YPERCH REIWKEPN.
   669 | D:1      | 669 ||| DROPPING scroll of butterflies.
   670 | D:1      | 670 ||| DROPPING 2 potions of brilliance.
   683 | D:2      | 683 ||| STAIRDANCE
   692 | D:2      | 692 ||| STAIRDANCE
   875 | D:2      | Reached skill level 3 in Dodging
  1358 | D:2      | 1358 ||| UPGRADING to +0 ring mail.
  1368 | D:2      | 1368 ||| DROPPING +0 leather armour.
  1636 | D:3      | Reached skill level 1 in Armour
  1636 | D:3      | Reached XP level 5. HP: 40/40 MP: 0/0
  1636 | D:3      | Learned a level 2 spell: Static Discharge
  2213 | D:3      | Found a hide-covered altar of Uskayaw.
  2221 | D:3      | Found a burning altar of Makhleb.
  2228 | D:3      | Found a shadowy altar of Dithmenos.
  2236 | D:3      | Found a glowing golden altar of the Shining One.
  2244 | D:3      | Found an ornate altar of the Wu Jian Council.
  2346 | D:3      | 2346 ||| DROPPING ring of wizardry.
  2347 | D:3      | 2347 ||| READING scroll labelled ATRUOGUENK.
  2377 | D:4      | 2377 ||| STAIRDANCE
  2431 | D:4      | 2431 ||| STAIRDANCE
  2517 | D:4      | Reached skill level 5 in Ranged Weapons
  2517 | D:4      | Reached XP level 6. HP: 46/46 MP: 0/0
  2609 | D:4      | You are sucked into a shaft and drop 3 floors!
  2613 | D:7      | Noticed an ogre
  2614 | D:7      | 2614 ||| ZAPPING wand of flame (15) at -2,-1 (ogre; floor).
  2615 | D:7      | 2615 ||| ZAPPING wand of flame (14) at -1,-1 (ogre; floor).
  2616 | D:7      | 2616 ||| ZAPPING wand of flame (13) at -1,-1 (ogre; floor).
  2617 | D:7      | 2617 ||| ZAPPING wand of flame (12) at -1,-1 (ogre; floor).
  2618 | D:7      | 2618 ||| ZAPPING wand of flame (11) at -1,-1 (ogre; floor).
  2618 | D:7      | Killed an ogre
  2687 | D:7      | Noticed a sky beast
  2688 | D:7      | 2688 ||| ZAPPING wand of flame (10) at -2,-5 (sky beast;
                  | floor).
  2690 | D:7      | 2690 ||| ZAPPING wand of flame (9) at -1,-2 (sky beast;
                  | floor).
  2691 | D:7      | 2691 ||| ZAPPING wand of flame (8) at 0,-1 (sky beast;
                  | floor).
  2692 | D:7      | 2692 ||| ZAPPING wand of flame (7) at 0,-1 (sky beast;
                  | floor).
  2693 | D:7      | 2693 ||| ZAPPING wand of flame (6) at 0,-1 (sky beast;
                  | floor).
  2694 | D:7      | 2694 ||| ZAPPING wand of flame (5) at 0,-1 (sky beast;
                  | floor).
  2695 | D:7      | 2695 ||| ZAPPING wand of flame (4) at 0,-1 (sky beast;
                  | floor).
  2695 | D:7      | Killed a sky beast
  2696 | D:7      | Reached XP level 7. HP: 35/52 MP: 0/0
  2696 | D:7      | Learned a level 2 spell: Call Imp
  2941 | D:7      | 2941 ||| SWAPPING to +0 orcbow.
  2942 | D:7      | 2942 ||| DROPPING +0 shortbow.
  3022 | D:7      | Reached skill level 6 in Ranged Weapons
  3058 | D:7      | 3058 ||| READING scroll of identify.
  3058 | D:7      | 3058 ||| IDENTIFYING fizzy coppery potion
  3059 | D:7      | 3059 ||| DROPPING potion of lignification.
  3066 | D:6      | Found an opulent altar of Gozag.
  3109 | D:6      | HP: 11/52 [orc wizard/+0 dagger (4)]
  3110 | D:6      | 3110 ||| READING 2 scrolls of teleportation.
  3113 | D:6      | 3113 ||| READING scroll of teleportation.
  3343 | D:6      | 3343 ||| FLEEEEING.
  3344 | D:6      | 3344 ||| FLEEEEING.
  3345 | D:6      | 3345 ||| FLEEEEING.
  3346 | D:6      | 3346 ||| STAIRDANCE
  3347 | D:5      | Entered Level 5 of the Dungeon
  3349 | D:5      | 3349 ||| FLEEEEING.
  3350 | D:5      | 3350 ||| FLEEEEING.
  3351 | D:5      | 3351 ||| FLEEEEING.
  3352 | D:5      | 3352 ||| FLEEEEING.
  3360 | D:4      | Noticed Dowan
  3370 | D:4      | Killed Dowan
  3410 | D:4      | Noticed Duvessa
  3411 | D:4      | 3411 ||| ZAPPING wand of mindburst (19) at 6,-4 (Duvessa;
                  | floor).
  3412 | D:4      | 3412 ||| ZAPPING wand of mindburst (18) at 5,-4 (Duvessa;
                  | floor).
  3412 | D:4      | Noticed Blork the orc
  3413 | D:4      | 3413 ||| ZAPPING wand of mindburst (17) at 3,-3 (Duvessa;
                  | floor).
  3414 | D:4      | 3414 ||| ZAPPING wand of mindburst (16) at 2,-2 (Duvessa;
                  | floor).
  3415 | D:4      | 3415 ||| ZAPPING wand of mindburst (15) at 1,-1 (Duvessa;
                  | floor).
  3416 | D:4      | 3416 ||| ZAPPING wand of mindburst (14) at 1,-1 (Duvessa;
                  | floor).
  3417 | D:4      | 3417 ||| ZAPPING wand of mindburst (13) at 1,-1 (Duvessa;
                  | floor).
  3418 | D:4      | 3418 ||| ZAPPING wand of mindburst (12) at 1,-1 (Duvessa;
                  | floor).
  3419 | D:4      | 3419 ||| ZAPPING wand of mindburst (11) at 1,-1 (Duvessa;
                  | floor).
  3420 | D:4      | 3420 ||| ZAPPING wand of mindburst (10) at 1,-1 (Duvessa;
                  | floor).
  3420 | D:4      | Killed Duvessa
  3421 | D:4      | Reached XP level 8. HP: 24/58 MP: 0/0
  3422 | D:4      | HP: 8/58 [Blork the orc/+2 scimitar of protection (7)]
  3423 | D:4      | Killed from afar by Blork the orc

Levels and vault maps discovered:
D:1:      psy_arrival_terrarium, layout_basic, minmay_heptomino_l4
D:2:      layout_loops_ring, kennysheep_nub
D:3:      layout_loops_corners, grunt_temple_overflow_octagram
D:4:      layout_cave_pools, uniq_duvessa, uniq_blork_the_orc
D:5:      layout_cave_pools, nicolae_yredelemnul_corpse_copse,
          minmay_temple_entry_waves
D:6:      layout_rooms, nicolae_overflow_hidden_temple
D:7:      layout_basic

Skill      XL: |  1  2  3  4  5  6  7 |
---------------+----------------------+-----
Ranged Weapons | 4 5 6 |  6.6
Fighting       | 3 4 |  4.0
Dodging        | 3 4 |  4.0
Armour         | 1 |  1.0
Stealth        | |  0.7

Action                     |  1- 3 |  4- 6 |  7- 9 || total
---------------------------+-------+-------+-------++-------
   Fire: Shortbow          |   105 |   157 |     9 ||   271
         Orcbow            |       |       |    50 ||    50
  Evoke: Wand              |       |    12 |    10 ||    22
    Use: Scroll            |       |     5 |     3 ||     8
 Armour: Leather armour    |    30 |    11 |       ||    41
         Ring mail         |       |    38 |    72 ||   110
  Dodge: Dodged            |    58 |    43 |    49 ||   150

Table legend:
 A = Non-vault XP
 B = Vault XP
 C = Vault XP percentage of total XP
 D = Non-vault monster count
 E = Vault monster count
 F = Vault count percentage of total count
                 A         B        C        D         E       F
            +---------+---------+-------+---------+---------+-------
      Total |     879 |     219 |  19.9 |      96 |       6 |   5.9
            +---------+---------+-------+---------+---------+-------
        D:1 |      74 |       8 |   9.8 |      40 |       4 |   9.1
        D:2 |      44 |       0 |   0.0 |      15 |       0 |   0.0
        D:3 |     134 |       0 |   0.0 |      21 |       0 |   0.0
        D:4 |      47 |     211 |  81.8 |       6 |       2 |  25.0
        D:6 |     147 |       0 |   0.0 |       9 |       0 |   0.0
        D:7 |     433 |       0 |   0.0 |       5 |       0 |   0.0
            +---------+---------+-------+---------+---------+-------
